 Dungeon Crawl Stone Soup version 0.27-a0-686-gaed091b46b (webtiles) character file.

Game seed: 15049440616577161426

168 ReteAZ the Skirmisher (level 5, -1/58 HPs)
             Began as an Ogre Hunter on Mar 21, 2021.
             Slain by a sky beast (5 damage)
             ... on level 3 of the Dungeon.
             The game lasted 00:05:09 (4177 turns).

ReteAZ the Skirmisher (Ogre Hunter)                 Turns: 4177, Time: 00:05:10

Health: -1/58      AC:  3    Str: 16    XL:     5   Next: 48%
Magic:  5/5        EV: 10    Int: 13    God:
Gold:   105        SH:  0    Dex:  9    Spells: 4/4 levels left

rFire    . . .     SeeInvis .   a - +0 short sword
rCold    . . .     Faith    .   (no shield)
rNeg     . . .     Spirit   .   b - +0 robe
rPois    .         Reflect  .   (helmet restricted)
rElec    .         Harm     .   (no cloak)
rCorr    .         Rampage  .   (gloves unavailable)
Will     .....                  (boots unavailable)
Stlth    +.........             (no amulet)
HPRegen  0.19/turn              (no ring)
MPRegen  0.09/turn              (no ring)

@: no status effects
A: large, unfitting armour, tough skin 1
a: no special abilities


You were on level 3 of the Dungeon.
You visited 1 branch of the dungeon, and saw 3 of its levels.

You collected 138 gold pieces.
You spent 33 gold pieces at shops.

Inventory:

Hand Weapons
 a - a +0 short sword (weapon)
Missiles
 c - 5 large rocks
 d - 2 throwing nets
 e - 23 poisoned darts (quivered)
 o - 2 boomerangs
Armour
 b - a +0 robe (worn)
Wands
 p - a wand of digging (6)
Scrolls
 f - a scroll of magic mapping {unknown}
 i - 2 scrolls of teleportation {unknown}
 n - a scroll of identify {unknown}
Potions
 g - a potion of attraction {unknown}
 h - 2 potions of brilliance {unknown}
 j - a potion of might {unknown}
 l - a potion of berserk rage {unknown}
 m - a potion of lignification {unknown}


   Skills:
 * Level 5.6 Fighting
 + Level 4.7 Throwing
 - Level 2.5 Dodging
 - Level 1.1 Stealth


You had 4 spell levels left.
You didn't know any spells.
Your spell library contained the following spells:

 Spells                   Type           Power      Damage    Failure   Level
 Magic Dart               Conj           0%         1d3       30%         1
 Blink                    Tloc           N/A        N/A       43%         2
 Call Imp                 Summ           0%         N/A       43%         2
 Slow                     Hex            0%         N/A       43%         2
 Conjure Flame            Conj/Fire      0%         6-21      67%         3
 Mephitic Cloud           Conj/Pois/Air  0%         N/A       67%         3


Dungeon Overview and Level Annotations

Branches:
Dungeon (3/15)

Altars:
Kikubaaqudgha

Shops:
D:1 !


Innate Abilities, Weirdness & Mutations

You are too large for most types of armour.
You have tough skin. (AC +1)


Message History

There are monsters nearby!
A bat comes into view.
You see here a +0 dagger.
The orc shouts! x2
A leopard gecko comes into view.
The leopard gecko hisses angrily.
The bat hits you.
You throw a poisoned dart.
The poisoned dart barely misses the bat.
The bat misses you.
You throw a poisoned dart. The poisoned dart hits the sky beast.
The sky beast is poisoned.
The sky beast flickers out of sight!
Deactivating autopickup; reactivate with Ctrl-A.
Something hits you. Something shocks you.
You throw a poisoned dart. Something hits you. Something shocks you.
You hit the leopard gecko.
The leopard gecko is severely wounded.
The leopard gecko misses you. Something hits you. Something shocks you.
You barely miss the leopard gecko.
The leopard gecko is severely wounded.
The leopard gecko bites you. Something hits you. Something shocks you.
The leopard gecko misses you.
You barely miss the leopard gecko.
The leopard gecko is severely wounded.
Something hits you.
* * * LOW HITPOINT WARNING * * *
Something shocks you.
* * * LOW HITPOINT WARNING * * *
The leopard gecko bites you.
* * * LOW HITPOINT WARNING * * *
You barely miss the leopard gecko.
The leopard gecko is severely wounded.
The leopard gecko bites you.
* * * LOW HITPOINT WARNING * * *
A sky beast appears from thin air!
Reactivating autopickup.
The sky beast hits you.
* * * LOW HITPOINT WARNING * * *
The sky beast shocks you.
You die...

... .# ##..# .... .#
##..## ..... ##.#
#..## ..o..# #..#
##.## ......####.#
#..#
...oo.o#(..######†##
#.ob.......#.###
###Y#####..†...# #@#
#...####...##. #l#
##### ...... ..#
..#.. .### #.... ..
..... .. ..### ###
###


You could see a sky beast (very poisoned), 2 orcs, a leopard gecko and a bat.

Vanquished Creatures
  An iguana (D:2)
  6 adders
  An ooze (D:3)
  4 dart slugs
  2 leopard geckos (D:2)
  An orc (D:3)
  3 ball pythons
  6 giant cockroaches
  2 goblins
  8 hobgoblins
  7 jackals (D:3)
  5 kobolds (D:1)
  A quokka (D:2)
  11 bats
  4 frilled lizards
  6 rats
68 creatures vanquished.

Vanquished Creatures (others)
  A human (D:2)
1 creature vanquished.

Grand Total: 69 creatures vanquished

Notes
Turn   | Place    | Note
-------+----------+-------------------------------------------
     0 | D:1      | ReteAZ the Ogre Hunter began the quest for the Orb.
     0 | D:1      | Reached XP level 1. HP: 22/22 MP: 1/1
   170 | D:1      | Reached skill level 3 in Fighting
   360 | D:1      | Reached XP level 2. HP: 31/31 MP: 2/2
   410 | D:1      | Reached skill level 1 in Stealth
   684 | D:1      | Found Bumievve's Distillery.
   709 | D:1      | Bought a potion of curing for 33 gold pieces
   886 | D:1      | Reached XP level 3. HP: 37/37 MP: 3/3
  1981 | D:2      | Found an ancient bone altar of Kikubaaqudgha.
  1983 | D:2      | Reached skill level 4 in Fighting
  1984 | D:2      | Noticed a human
  1987 | D:2      | Killed a human
  2274 | D:2      | Reached XP level 4. HP: 30/48 MP: 4/4
  3445 | D:3      | Reached skill level 5 in Fighting
  3470 | D:3      | Reached XP level 5. HP: 55/57 MP: 5/5
  4167 | D:3      | Noticed a sky beast
  4177 | D:3      | Slain by a sky beast

Illustrated notes

Levels and vault maps discovered:
D:1:      dpeg_arrival_tiny_h, layout_basic, serial_shops, nicolae_shop_trees
D:2:      layout_basic, tgw_kikubaaqudgha
D:3:      layout_rooms

Skill      XL: |  1  2  3  4 |
---------------+-------------+-----
Fighting       | 3 4 5 |  5.6
Stealth        | 1 |  1.1
Dodging        | 2 |  2.5
Throwing       | |  4.7

Action                   |  1- 3 |  4- 6 || total
-------------------------+-------+-------++-------
Melee: Short sword       |   109 |   123 ||   232
Throw: Dart              |    58 |    44 ||   102
       Large rock        |       |     1 ||     1
  Use: Potion            |       |     3 ||     3
Armor: Robe              |    60 |    26 ||    86
Dodge: Dodged            |    86 |    62 ||   148

Table legend: (Time is in decaauts)
 A = Elapsed time spent in this place.
 B = Non-inter-level travel time spent in this place.
 C = Inter-level travel time spent in this place.
 D = Time resting spent in this place.
 E = Time spent auto-exploring this place.
 F = Levels seen in this place.
 G = Mean time per level.
                   A        B        C        D        E       F      G
               +--------+--------+--------+--------+--------+-----+--------+
         Total |   4179 |   4119 |     60 |    525 |   3026 |   3 | 1393.0 |
       Dungeon |   4179 |   4119 |     60 |    525 |   3026 |   3 | 1393.0 |
               +--------+--------+--------+--------+--------+-----+--------+

Top non-repeatable levels by time:
     D:2: 1668 daAuts
     D:1: 1419 daAuts
     D:3: 1091 daAuts
